 Dungeon Crawl Stone Soup version 0.30-a0-335-ge5acde7520 (webtiles) character file.

Game seed: 8523092074566884736

132 hikkokomori the Conjurer (level 4, -2/33 HPs)
             Began as a Demigod Conjurer on Oct 30, 2022.
             Killed from afar by an orc wizard (8 damage)
             ... with a magic dart
             ... on level 3 of the Dungeon.
             The game lasted 00:05:09 (2628 turns).

hikkokomori the Conjurer (Demigod Conjurer)         Turns: 2628, Time: 00:05:11

Health: -2/33      AC:  2    Str:  8    XL:     4   Next: 62%
Magic:  9/11       EV: 12    Int: 24    God:
Gold:   114        SH:  0    Dex: 12    Spells: 1/9 levels left

rFire   . . .      SeeInvis .    l - +0 glaive
rCold   . . .      Faith    .    (shield currently unavailable)
rNeg    . . .      Spirit   .    a - +0 robe
rPois   .          Reflect  .    (no helmet)
rElec   .          Harm     .    (no cloak)
rCorr   .          Rampage  .    (no gloves)
Will    .....                    (no boots)
Stlth   ++........               (no amulet)
HPRegen 0.25/turn                (no ring)
MPRegen 0.12/turn                (no ring)

@: mighty, brilliant
A: high MP 1, forlorn, divine attributes
a: no special abilities


You were on level 3 of the Dungeon.
You visited 1 branch of the dungeon, and saw 3 of its levels.

You collected 114 gold pieces.

Inventory:

Hand Weapons
 e - a +0 dagger
 l - a +0 glaive (weapon)
Armour
 a - a +0 robe (worn)
 m - a +2 ring mail of fire resistance
Scrolls
 c - 5 scrolls of identify {unknown}
 d - a scroll of enchant armour {unknown}
 g - a scroll of amnesia {unknown}
 h - a scroll of vulnerability {unknown}
 i - a scroll of teleportation {unknown}
 j - a scroll of enchant weapon {unknown}
 k - a scroll of fear {unknown}
Potions
 b - a potion of magic
 f - 2 potions of brilliance


   Skills:
 - Level 1.7 Dodging
 - Level 1.7 Stealth
 + Level 3.3 Spellcasting
 + Level 4.7 Conjurations


You had one spell level left.
You knew the following spells:

 Your Spells              Type           Power      Damage    Failure   Level
a - Magic Dart            Conj           100%       1d8       1%          1
b - Searing Ray           Conj           80%        2d7       2%          2
c - Mephitic Cloud        Conj/Pois/Air  17%        N/A       16%         3
d - Call Imp              Summ           5%         N/A       16%         2

Your spell library contained the following spells:

 Spells                   Type           Power      Damage    Failure   Level
 Dazzling Flash           Conj/Hex       46%        N/A       12%         3
 Fulminant Prism          Conj/Hex       11%        3d8       36%         4
 Iskenderun's Mystic Bla  Conj/Tloc      23%        2d6       36%         4
 Cause Fear               Hex            2%         N/A       71%         4
 Dragon Form              Tmut           2%         N/A       100%        7
 Dragon's Call            Summ           2%         N/A       100%        9


Dungeon Overview and Level Annotations

Branches:
Dungeon (3/15)


Innate Abilities, Weirdness & Mutations

You have an increased reservoir of magic. (+10% MP)
You shall have no god before yourself.
Your divine heritage dramatically boosts your attributes as you level up.


Message History

The stinking cloud engulfs you but does no damage.
The stinking cloud engulfs your white imp but does no damage.
Something closely misses your white imp.
Reach: l) +0 glaive
Press: ? - help, Dir - move target You reach to attack!
You attack empty space.
Reach: l) +0 glaive
Press: ? - help, Dir - move target You reach to attack!
You attack empty space.
Something hits you.
* * * LOW HITPOINT WARNING * * *
Unknown command.
It was a potion of might.
You feel very mighty all of a sudden.
An orc wizard appears from thin air!
Reactivating autopickup.
You swap places.
The orc wizard casts a spell.
The orc wizard flickers and vanishes!
Deactivating autopickup; reactivate with Ctrl-A.
You hear some strange, mumbled words.
Your white imp appears confused.
Your white imp hits itself but does no damage.
Reach: l) +0 glaive
Press: ? - help, Dir - move target You could not reach far enough!
Your white imp misses you.
Something hits your white imp.
Unknown command.
Reach: l) +0 glaive
Press: ? - help, Dir - move target, f - you That would be overly suicidal.
Okay, then.
Unknown command.
Reach: l) +0 glaive
Press: ? - help, Dir - move target You reach to attack!
You closely miss something.
Your white imp barely misses something.
You hear some strange, mumbled words.
A magic dart appears from out of thin air!
The magic dart hits you!
You die...

#...# #...# ## # #...#
#.. #. #...### ..#
#.####.....# #.
#.......##.# #[
###.5......# #.
#{#.#.#..#+#######
#@#...#..........#
#......###...........
+........†...........
.......####.##.######.
P........# #.##.# #.
...+.....# #.##.. #.
♣♣##..)).# #.##### #.
#.....> ..# ## ###


You could see a friendly white imp (summoned, confused).

Vanquished Creatures
  3 gnolls
  3 adders
  2 worms (D:2)
  A dart slug (D:1)
  2 orcs (D:3)
  9 ball pythons
  6 bats
  4 endoplasms
  3 giant cockroaches
  7 goblins
  5 hobgoblins
  7 jackals (D:1)
  3 kobolds
  A quokka (D:3)
  3 frilled lizards
  A rat (D:3)
60 creatures vanquished.

Vanquished Creatures (others)
  20 plants (D:1)
20 creatures vanquished.

Grand Total: 80 creatures vanquished

Notes
Turn   | Place    | Note
-------+----------+-------------------------------------------
     0 | D:1      | hikkokomori the Demigod Conjurer began the quest for the
                  | Orb.
     0 | D:1      | Reached XP level 1. HP: 14/14 MP: 5/5
   284 | D:1      | Reached XP level 2. HP: 20/20 MP: 5/7
   379 | D:1      | Reached skill level 4 in Conjurations
   593 | D:1      | Learned a level 2 spell: Searing Ray
   623 | D:1      | Reached XP level 3. HP: 26/26 MP: 3/9
  2143 | D:3      | Reached XP level 4. HP: 33/33 MP: 9/11
  2226 | D:3      | Noticed a gnoll sergeant
  2352 | D:2      | Learned a level 3 spell: Mephitic Cloud
  2355 | D:2      | Learned a level 2 spell: Call Imp
  2628 | D:3      | Killed from afar by an orc wizard

Illustrated notes

Levels and vault maps discovered:
D:1:      dpeg_arrival_oval, layout_rooms, hellmonk_ecumenical_altar_run_dry,
          serial_bayou_lake_a
D:2:      layout_basic, minmay_misc_feat_rugged, kennysheep_generic_room_4
D:3:      layout_basic, nicolae_titane, uniq_robin, uniq_crazy_yiuf_cottage

Skill      XL: |  1  2  3 |
---------------+----------+-----
Spellcasting   | 2 3 |  3.3
Conjurations   | 4 |  4.7
Dodging        | |  1.7
Stealth        | |  1.7

Action                   |  1- 3 |  4- 6 || total
-------------------------+-------+-------++-------
Melee: Dagger            |    45 |       ||    45
       Glaive            |       |    13 ||    13
 Cast: Magic Dart        |   102 |    32 ||   134
       Mephitic Cloud    |       |     1 ||     1
       Call Imp          |       |     1 ||     1
  Use: Potion            |       |     2 ||     2
Armor: Robe              |    18 |     4 ||    22
Dodge: Dodged            |    38 |    16 ||    54

Table legend: (Time is in decaauts)
 A = Elapsed time spent in this place.
 B = Non-inter-level travel time spent in this place.
 C = Inter-level travel time spent in this place.
 D = Time resting spent in this place.
 E = Time spent auto-exploring this place.
 F = Levels seen in this place.
 G = Mean time per level.
                   A        B        C        D        E       F      G
               +--------+--------+--------+--------+--------+-----+--------+
         Total |   2693 |   2470 |    223 |     55 |   2002 |   3 |  897.7 |
       Dungeon |   2693 |   2470 |    223 |     55 |   2002 |   3 |  897.7 |
               +--------+--------+--------+--------+--------+-----+--------+

Top non-repeatable levels by time:
     D:2: 1228 daAuts
     D:1: 1175 daAuts
     D:3: 289 daAuts
